 Dungeon Crawl Stone Soup version 0.22-a0-799-g88f5e907b7 (webtiles) character file.

143 Htamos the Skirmisher (level 5, -1/57 HPs)
             Began as an Ogre Hunter on July 21, 2018.
             Was an Initiate of Cheibriados.
             Slain by a worker ant (5 damage)
             ... on level 3 of the Dungeon.
             The game lasted 00:05:53 (2637 turns).

Htamos the Skirmisher (Ogre Hunter)                 Turns: 2637, Time: 00:05:54

Health: -1/57      AC:  3    Str: 17    XL:     5   Next: 25%
Magic:  5/5        EV: 13    Int: 13    God:    Cheibriados [......]
Gold:   146        SH: 10    Dex: 16    Spells: 4/4 levels left

rFire    . . .     SeeInvis .   a - +0 short sword
rCold    . . .     Gourm    .   n - +0 shield
rNeg     . . .     Faith    .   b - +0 robe
rPois    .         Spirit   .   (helmet restricted)
rElec    .         Reflect  +   (no cloak)
rCorr    .         Harm     .   (gloves unavailable)
MR       .....                  (boots unavailable)
Stlth    +++.......             j - +3 amulet of reflection
HPRegen  0.19/turn              (no ring)
MPRegen  0.09/turn              (no ring)

@: agile, lethally poisoned (-1 -> -2), hasted, quick
A: large, unfitting armour, tough skin 1
a: Bend Time, Renounce Religion


You were on level 3 of the Dungeon.
You worshipped Cheibriados.
Cheibriados was noncommittal.
You were hungry.

You visited 1 branch of the dungeon, and saw 3 of its levels.

You collected 146 gold pieces.

Inventory:

Hand Weapons
 a - a +0 short sword (weapon)
Missiles
 i - 69 stones (quivered)
 m - a throwing net
Armour
 b - a +0 robe (worn)
 n - a +0 shield (worn)
Jewellery
 j - a +3 amulet of reflection (around neck)
 p - an uncursed ring of flight
Scrolls
 g - a scroll of identify
 r - 2 scrolls of remove curse
Potions
 l - a potion of berserk rage
Comestibles
 c - 3 chunks of flesh
 f - 6 rations


   Skills:
 + Level 5.2 Fighting
 + Level 4.6 Throwing
 + Level 2.7 Dodging
 - Level 0.6 Stealth
 * Level 0.2 Shields


You had 4 spell levels left.
You didn't know any spells.
Your spell library was empty.

Dungeon Overview and Level Annotations

Branches:
Dungeon (3/15)

Altars:
Cheibriados
Dithmenos
Yredelemnul


Innate Abilities, Weirdness & Mutations

You are too large for most types of armour.
You have tough skin. (AC +1)


Message History

You hit the worker ant.
The worker ant is heavily wounded.
You feel sick. The worker ant misses you.
You hit the worker ant but do no damage.
The worker ant is heavily wounded.
The worker ant closely misses you.
You hit the worker ant but do no damage.
The worker ant is heavily wounded.
You feel sick. You block the worker ant's attack.
You hit the worker ant.
The worker ant is heavily wounded.
The worker ant bites you.
* * * LOW HITPOINT WARNING * * *
Your shield prevents you from hitting the worker ant.
The worker ant is heavily wounded.
You block the worker ant's attack.
Your shield prevents you from hitting the worker ant.
The worker ant is heavily wounded.
You feel sick. The worker ant bites you.
You die...

**** *,,, ##******* *,**
#..,,,,,* *,* ###
#[#####,***#######******'**
..#####.....#,,,,.......,,,,,,,,,
####........#****......#,**,,,,,,
####.##.....#####......#,**,,,,,,
..##.#......#...@......+,,,,,,,,,
#......_......###a.....#,,,,,,*'*
###......#.#### *......#,,,,,,,,,
#.....##.# *......#,,,,,,,,,
#........# *......#,,,,,,,,,
#.....#### *....(.#,,,,,,,,,
#####.# *#######,**,,,,,, ## *#.#
*,**,,,,,, .# *..# *,**,,,,,,


You could see a worker ant.

Vanquished Creatures
  A hound (D:2)
  Terence (D:2)
  A gnoll (D:1)
  2 adders
  A worm (D:3)
  4 dart slugs
  A leopard gecko (D:1)
  3 giant cockroaches
  9 goblins
  5 hobgoblins
  A jackal (D:2)
  A quokka (D:2)
  A ball python (D:2)
  7 bats
  5 frilled lizards
  4 kobolds
  4 rats
  A spectral orc (D:2)
52 creatures vanquished.

Notes
Turn   | Place    | Note
-------+----------+-------------------------------------------
     0 | D:1      | Htamos the Ogre Hunter began the quest for the Orb.
     0 | D:1      | Reached XP level 1. HP: 22/22 MP: 1/1
   106 | D:1      | Reached skill level 3 in Fighting
   349 | D:1      | Reached XP level 2. HP: 31/31 MP: 2/2
   731 | D:1      | Reached XP level 3. HP: 39/39 MP: 3/3
   947 | D:1      | Reached skill level 4 in Fighting
  1577 | D:2      | Noticed Terence
  1581 | D:2      | Killed Terence
  1581 | D:2      | Reached XP level 4. HP: 47/49 MP: 4/4
  1641 | D:2      | Reached skill level 5 in Fighting
  1648 | D:2      | Reached XP level 5. HP: 23/57 MP: 5/5
  2090 | D:2      | Found a basalt altar of Yredelemnul.
  2502 | D:3      | Found a snail-covered altar of Cheibriados.
  2533 | D:3      | Became a worshipper of Cheibriados the Contemplative
  2592 | D:3      | Found a shadowy altar of Dithmenos.
  2637 | D:3      | Slain by a worker ant

Vault maps used:
D:1:      dpeg_arrival_signposts
D:2:      yredelemnul_forgotten_temple_becter, first_ration,
          minmay_three_crescents, uniq_terence
D:3:      lemuel_doored_altar, nicolae_overflow_crystal_walls,
          gammafunk_ghost_necromancy

Skill      XL: |  1  2  3  4 |
---------------+-------------+-----
Fighting       | 3 4 5 |  5.2
Dodging        | 2 |  2.7
Throwing       | |  4.6
Stealth        | |  0.6
Shields        | |  0.2

Action                   |  1- 3 |  4- 6 || total
-------------------------+-------+-------++-------
Melee: Short sword       |    51 |    94 ||   145
Throw: Large rock        |    21 |     7 ||    28
       Stone             |    19 |    25 ||    44
       Throwing net      |     2 |     1 ||     3
  Use: Potion            |       |     7 ||     7
       Scroll            |       |    10 ||    10
 Stab: Sleeping          |     2 |       ||     2
  Eat: Chunk             |     2 |     3 ||     5
Armor: Robe              |    38 |    41 ||    79
Dodge: Dodged            |    59 |   100 ||   159
Block: Shield            |       |    25 ||    25

Table legend:
 A = Spawn XP
 B = Non-spawn XP
 C = Spawn XP percentage of total XP
 D = Spawn monster count
 E = Non-spawn monster count
 F = Spawn count percentage of total count
 G = Total turns spent on level
                    A         B        C        D         E        F      G
               +---------+---------+-------+---------+---------+-------+---------
         Total |       0 |     205 |   0.0 |       0 |      52 |   0.0 |  2637
               +---------+---------+-------+---------+---------+-------+---------
           D:1 |       0 |      58 |   0.0 |       0 |      23 |   0.0 |  1301
           D:2 |       0 |     112 |   0.0 |       0 |      17 |   0.0 |   925
           D:3 |       0 |      35 |   0.0 |       0 |      12 |   0.0 |   411
               +---------+---------+-------+---------+---------+-------+---------
